 Dungeon Crawl Stone Soup version 0.26-a0-613-g4f23886233 (webtiles) character file.

Game seed: 3499391633697837921

14 DogServant the Vexing (level 2, -1/16 HPs)
             Began as a Kobold Arcane Marksman on Sept 10, 2020.
             Slain by an ogre
             ... wielding a +0 giant spiked club
              (4 damage)
             ... on level 2 of the Dungeon.
             The game lasted 00:03:17 (1317 turns).

DogServant the Vexing (Kobold Arcane Marksman)      Turns: 1317, Time: 00:03:19

Health: -1/16      AC:  3    Str:  7    XL:     2   Next: 55%
Magic:  3/3        EV: 14    Int: 14    God:
Gold:   45         SH:  0    Dex: 15    Spells: 0/3 levels left

rFire    . . .     SeeInvis .   a - +0 hand crossbow
rCold    . . .     Faith    .   (shield restricted)
rNeg     . . .     Spirit   .   f - +0 leather armour
rPois    .         Reflect  .   (no helmet)
rElec    .         Harm     .   (no cloak)
rCorr    .                      (no gloves)
MR       .....                  (no boots)
Stlth    ++........             (no amulet)
HPRegen  0.05/turn              (no ring)
MPRegen  0.08/turn              (no ring)

@: no status effects
A: small, nightstalker 3
a: no special abilities


You were on level 2 of the Dungeon.
You visited 1 branch of the dungeon, and saw 2 of its levels.

You collected 45 gold pieces.

Inventory:

Hand Weapons
 a - a +0 hand crossbow (weapon)
 b - a +0 hunting sling
Missiles
 c - 115 stones
 d - 31 bolts (quivered)
 k - 28 arrows
Armour
 e - a +0 robe
 f - a +0 leather armour (worn)
Jewellery
 g - a cursed ring of teleportation {unknown}
Scrolls
 h - a scroll of amnesia {unknown}
 i - a scroll of blinking {unknown}
 j - a scroll of magic mapping {unknown}
 l - a scroll of identify {unknown}


   Skills:
 + Level 1.2 Fighting
 * Level 3.0 Crossbows
 + Level 2.4 Dodging
 + Level 0.4 Stealth
 + Level 1.3 Spellcasting
 + Level 3.2 Hexes


You couldn't memorise any spells.
You knew the following spells:

 Your Spells              Type           Power        Failure   Level
a - Corona                Hex            ##.....      11%         1
b - Slow                  Hex            ##......     16%         2

Your spell library contained the following spells:

 Spells                   Type           Power        Failure   Level
 Inner Flame              Hex/Fire       #.......     52%         3
 Portal Projectile        Hex/Tloc       #.....       52%         3
 Cause Fear               Hex            ##........   71%         4
 Leda's Liquefaction      Hex/Erth       #.........   89%         4


Dungeon Overview and Level Annotations

Branches:
Dungeon (2/15)

Altars:


Innate Abilities, Weirdness & Mutations

You are small and have problems with some larger weapons.
You are completely attuned to the shadows.


Message History

Press: ? - help, Shift-Dir - straight line, f/p - ogre
Aim: an ogre, wielding a +0 giant spiked club (heavily wounded, slow)
You shoot a bolt. The bolt hits the ogre!
The ogre is almost dead.
Firing (i - inventory. (/) - cycle)
d - 34 bolts (quivered)
Press: ? - help, Shift-Dir - straight line, f/p - ogre
Aim: an ogre, wielding a +0 giant spiked club (almost dead, slow)
You shoot a bolt. The bolt closely misses the ogre.
The ogre is no longer moving slowly.
Firing (i - inventory. (/) - cycle)
d - 33 bolts (quivered)
Press: ? - help, Shift-Dir - straight line, f/p - ogre
Aim: an ogre, wielding a +0 giant spiked club (almost dead)
You shoot a bolt. The bolt barely misses the ogre.
The ogre misses you.
Firing (i - inventory. (/) - cycle)
d - 32 bolts (quivered)
Press: ? - help, Shift-Dir - straight line, f/p - ogre
Aim: an ogre, wielding a +0 giant spiked club (almost dead)
You shoot a bolt. The bolt hits the ogre.
The ogre is almost dead.
The ogre hits you with a +0 giant spiked club.
You die...

...####.###. #.#
#### #.# #.##### #.#
###...... #.#
#....<.... #.# ##
#.#.....#. .. ##.##
##.## # #.###.# #.
##...#######.#.# #.
.# ##.
#.(...(....O..#.# #
.
)..###(..#######@..#
....((...## #.......
..(##.....# #.##.###
##( ##...## #. .# #.
##.## . .. .. #.#
#.# #+#


You could see an ogre.

Vanquished Creatures
  2 giant cockroaches (D:1)
  A goblin (D:1)
  2 hobgoblins
  5 bats
  2 kobolds (D:1)
  A rat (D:1)
13 creatures vanquished.

Notes
Turn   | Place    | Note
-------+----------+-------------------------------------------
     0 | D:1      | DogServant the Kobold Arcane Marksman began the quest for
                  | the Orb.
     0 | D:1      | Reached XP level 1. HP: 12/12 MP: 2/2
     6 | D:1      | Noticed a queen ant
     6 | D:1      | Noticed a tyrant leech
     6 | D:1      | Noticed an iguana
   285 | D:1      | Reached XP level 2. HP: 15/16 MP: 1/3
   722 | D:1      | Noticed an ettin
  1289 | D:2      | Noticed an ogre
  1295 | D:2      | Learned a level 2 spell: Slow
  1317 | D:2      | Slain by an ogre

Illustrated notes

Levels and vault maps discovered:
D:1:      onia_arrival_zoo_common, layout_basic, due_unseen_surprise
D:2:      layout_loops_corners, grunt_temple_overflow_order_and_chaos_2,
          lemuel_round_altar

Skill      XL: |  1  2 |
---------------+-------+-----
Crossbows      | 3 |  3.0
Fighting       | |  1.2
Dodging        | |  2.4
Stealth        | |  0.4
Spellcasting   | |  1.3
Hexes          | |  3.2

Action                   || total
-------------------------++-------
 Fire: Hand crossbow     ||    25
       Hunting sling     ||    28
 Cast: Corona            ||     3
       Slow              ||     1
Armor: Robe              ||     1
       Leather armour    ||     6
Dodge: Dodged            ||    29

Table legend: (Time is in decaauts)
 A = Elapsed time spent in this place.
 B = Non-inter-level travel time spent in this place.
 C = Inter-level travel time spent in this place.
 D = Time resting spent in this place.
 E = Time spent auto-exploring this place.
 F = Levels seen in this place.
 G = Mean time per level.
                   A        B        C        D        E       F      G
               +--------+--------+--------+--------+--------+-----+--------+
         Total |   1330 |   1245 |     85 |    115 |    959 |   2 |  665.0 |
       Dungeon |   1330 |   1245 |     85 |    115 |    959 |   2 |  665.0 |
               +--------+--------+--------+--------+--------+-----+--------+

Top non-repeatable levels by time:
     D:1: 969 daAuts
     D:2: 361 daAuts
